 Dungeon Crawl Stone Soup version 0.30.0-5-g1a98f26d00 (webtiles) character file.

Game seed: 6616032319453374155

1067 SnakkuSnakku7 the Cutter (level 8, -5/56 HPs)
             Began as a Vampire Hedge Wizard on May 12, 2023.
             Was a Believer of Uskayaw.
             Slain by a black bear (9 damage)
             ... on level 5 of the Dungeon.
             The game lasted 00:10:05 (4949 turns).

SnakkuSnakku7 the Cutter (Vampire Hedge Wizard)     Turns: 4949, Time: 00:10:06

Health: -5/56      AC:  3    Str: 11      XL:     8   Next: 7%
Magic:  12/12      EV: 17    Int: 15 (16) God:    Uskayaw [**....]
Gold:   68         SH:  0    Dex: 14      Spells: 12/13 levels left

rFire   . . .        a - +1 rapier (elec)
rCold   . . .        (no shield)
rNeg    . . .        b - +0 robe
rPois   +            v - +0 helmet
rElec   .            w - scarf {+Inv}
rCorr   .            (no gloves)
SInv    +            (no boots)
Will    .....        (no amulet)
Stlth   ++           D - ring of poison resistance
HPRegen 0.49/turn    x - +5 ring of evasion
MPRegen 0.13/turn

%: no passive effects
@: weakened, healing quickly
A: alive, fangs 3, see invisible, vampiric 2
a: Exsanguinate, Renounce Religion, Evoke Invisibility, Stomp, Line Pass


You were on level 5 of the Dungeon.
You worshipped Uskayaw.
Uskayaw was noncommittal.
You visited 1 branch of the dungeon, and saw 5 of its levels.

You collected 278 gold pieces.
You spent 210 gold pieces at shops.

Inventory:

Hand Weapons
 a - a +1 rapier of electrocution (weapon)
 h - a +0 dagger
 B - a +1 short sword of draining
Missiles
 e - a poisoned dart (quivered)
 p - 3 throwing nets
 A - 3 boomerangs
Armour
 b - a +0 robe (worn)
 c - a +0 hat
 v - a +0 helmet (worn)
 w - a scarf of invisibility (worn)
Jewellery
 i - a ring of fire
 x - a +5 ring of evasion (right hand)
 D - a ring of poison resistance (left hand)
Wands
 m - a wand of digging (6)
Scrolls
 f - 2 scrolls of enchant armour {unknown}
 g - 3 scrolls of identify {unknown}
 j - 2 scrolls of noise {unknown}
 k - a scroll of amnesia {unknown}
 l - 2 scrolls of teleportation {unknown}
 n - a scroll of enchant weapon {unknown}
 s - a scroll of immolation {unknown}
 u - a scroll of vulnerability {unknown}
 y - a scroll of fog {unknown}
Potions
 d - a potion of magic
 o - a potion of attraction {unknown}
 q - a potion of might
 r - a potion of mutation {unknown}
 t - 2 potions of curing
 z - a potion of heal wounds {unknown}
 C - a potion of flight {unknown}


   Skills:
 - Level 2.2 Fighting
 + Level 6.8 Short Blades
 - Level 2.6 Throwing
 - Level 2.1 Dodging
 - Level 3.0 Stealth
 - Level 2.6 Unarmed Combat
 - Level 3.0 Spellcasting
 - Level 0.6 Conjurations
 - Level 1.0 Summonings
 - Level 0.7 Translocations
 + Level 3.9 Evocations


You had 12 spell levels left.
You knew the following spells:

 Your Spells              Type           Power      Damage    Failure   Level
a - Magic Dart            Conj           16%        1d3       16%         1

Your spell library contained the following spells:

 Spells                   Type           Power      Damage    Failure   Level
 Foxfire                  Conj/Fire      12%        2x1d4     19%         1
 Slow                     Hex            8%         N/A       21%         1
 Call Imp                 Summ           10%        N/A       21%         2
 Blink                    Tloc           8%         N/A       22%         2
 Searing Ray              Conj           8%         2d4       24%         2
 Cigotuvi's Dreadful Rot  Necr/Pois/Air  4%         N/A       30%         2
 Mephitic Cloud           Conj/Pois/Air  2%         N/A       50%         3
 Fulminant Prism          Conj/Hex       1%         3d5       87%         4
 Fireball                 Conj/Fire      1%         3d3       99%         5
 Plasma Beam              Fire/Air       1%         2x1d12    100%        6
 Starburst                Conj/Fire      1%         6d3       100%        6


Dungeon Overview and Level Annotations

Branches:
Dungeon (5/15)
 Temple: D:4-7

Altars:
Dithmenos
Gozag
Hepliaklqana
Sif Muna
Uskayaw
Xom

Shops:
D:5 (

Annotations:
D:3 2 transporters, Irreverend's ghost, amateur DEHs
D:4 exclusion: jelly


Innate Abilities, Weirdness & Mutations

Your natural rate of healing is accelerated.
You have razor-sharp teeth.
You have supernaturally acute eyesight. (SInv)
You are afflicted with vampirism and can become a bat while bloodless.


Message History

The black bear closely misses you. x3
Unknown command.
You hit the black bear.
The black bear is almost dead.
The black bear bites you. The black bear claws you. The black bear misses you.
You barely miss the black bear.
The black bear is almost dead.
The black bear closely misses you. The black bear claws you. x2
You hit the black bear but do no damage.
The black bear is almost dead.
The gnoll sergeant is no longer moving quickly.
The black bear bites you! The black bear claws you. x2
The black bear bites you but does no damage.
The black bear claws you. x2
* * * LOW HITPOINT WARNING * * *
You are too injured to fight recklessly!
The black bear attacks as you move away!
The black bear bites you!
* * * LOW HITPOINT WARNING * * *
The black bear misses you. x2
You hear an angry growl.
Unknown command.
Okay, then.
Okay, then.
Okay, then.
You hit the black bear.
The black bear is almost dead.
The black bear barely misses you. The black bear misses you.
The black bear claws you.
* * * LOW HITPOINT WARNING * * *
The black bear closely misses you. The black bear misses you.
The black bear claws you but does no damage.
You hit the black bear. Your bite misses the black bear.
The black bear is almost dead.
The black bear closely misses you. x2; The black bear misses you.
Unknown command.
You closely miss the black bear.
The black bear is almost dead.
The black bear bites you!
You die...

...# ##......≈...#.......######
....# ##.....h≈≈............####.
≈≈...##.....≈≈≈..........[.......
.≈≈......gg≈≈.........##.........
.≈≈≈≈≈≈≈≈≈≈≈...h#..... #>........
................#.#.#............
###.......#....## ###............
........##...)#######...##......#
##...#..#.....)#@.....####......#
#####.....#...h............>...#
##......##.....###............
###.............)....##.###.....
#..........#.........#...#......
#...)......#.....##.............
#<#........##..######.<.......†.
##....##....#..# ###.........
#######......## #..........


You could see a black bear (berserk).

Vanquished Creatures
  2 black bears (D:5)
  A gnoll sergeant (D:5)
  A scorpion (D:5)
  An orc priest (D:3)
  4 hounds
  2 iguanas
  3 sleepcaps
  4 orc wizards
  Robin (D:4)
  17 gnolls
  8 adders
  4 worms
  2 dart slugs
  14 orcs
  6 bats
  8 endoplasms
  2 giant cockroaches
  17 goblins
  12 hobgoblins
  10 jackals
  3 quokkas
  12 ball pythons
  6 frilled lizards
  8 kobolds
  7 rats
155 creatures vanquished.

Vanquished Creatures (others)
  An orc wizard (D:5)
1 creature vanquished.

Grand Total: 156 creatures vanquished

Notes
Turn   | Place    | Note
-------+----------+-------------------------------------------
     0 | D:1      | SnakkuSnakku7 the Vampire Hedge Wizard began the quest for
                  | the Orb.
     0 | D:1      | Reached XP level 1. HP: 13/13 MP: 4/4
   200 | D:1      | Reached skill level 1 in Unarmed Combat
   225 | D:1      | Reached XP level 2. HP: 16/20 MP: 6/6
   229 | D:1      | Reached skill level 1 in Fighting
   627 | D:1      | Gained mutation: You are afflicted with vampirism and can
                  | become a bat while bloodless. [Vampire growth]
   627 | D:1      | Reached XP level 3. HP: 26/26 MP: 7/7
  1240 | D:2      | Reached XP level 4. HP: 27/31 MP: 8/8
  1304 | D:2      | Reached skill level 1 in Short Blades
  1408 | D:2      | Found a shimmering altar of Xom.
  1528 | D:3      | Reached skill level 2 in Short Blades
  1734 | D:2      | Reached XP level 5. HP: 21/38 MP: 9/9
  1905 | D:3      | Found a transporter.
  1906 | D:3      | Noticed an ogre
  1906 | D:3      | Noticed Irreverend's ghost (amateur DEHs)
  1907 | D:3      | Found a transporter.
  1929 | D:3      | Reached skill level 3 in Short Blades
  1954 | D:3      | Reached skill level 1 in Throwing
  2094 | D:3      | Found an opulent altar of Gozag.
  2367 | D:3      | Found a hide-covered altar of Uskayaw.
  2382 | D:3      | Found a shimmering blue altar of Sif Muna.
  2385 | D:3      | Became a worshipper of Uskayaw the Reveller
  2389 | D:3      | Found a hazy altar of Hepliaklqana.
  2398 | D:3      | Reached * piety under Uskayaw
  2400 | D:3      | Reached XP level 6. HP: 35/44 MP: 10/10
  2421 | D:3      | Found a shimmering altar of Xom.
  2643 | D:3      | Reached skill level 4 in Short Blades
  2650 | D:3      | Reached ** piety under Uskayaw
  2696 | D:3      | HP: 2/44 [orc wizard/magic dart (7)]
  2706 | D:3      | HP: 2/44 [orc/+0 club (3)]
  2945 | D:4      | Noticed Robin
  2989 | D:4      | Reached *** piety under Uskayaw
  2990 | D:4      | Killed Robin
  3637 | D:4      | You fall into a shaft and drop 1 floor!
  3637 | D:5      | Entered Level 5 of the Dungeon
  3650 | D:5      | Reached skill level 5 in Short Blades
  3650 | D:5      | Reached skill level 1 in Evocations
  3650 | D:5      | Reached XP level 7. HP: 44/50 MP: 11/11
  3788 | D:5      | Found a shadowy altar of Dithmenos.
  4131 | D:4      | HP: 2/50 [poisoned by a gnoll sergeant]
  4598 | D:5      | Reached skill level 6 in Short Blades
  4634 | D:5      | Found Uroxkoapt's Antique Weapon Boutique.
  4638 | D:5      | Bought a glowing rapier for 210 gold pieces
  4875 | D:5      | Reached XP level 8. HP: 49/56 MP: 12/12
  4949 | D:5      | Slain by a black bear

Illustrated notes

Levels and vault maps discovered:
D:1:      minmay_arrival_jagged, layout_basic, dreamdust_princess_corridor,
          minmay_cut_off
D:2:      layout_loops_cross, basic_altar, grunt_decor_junction
D:3:      layout_basic, nicolae_gozag_cash_rules_everything_around_me,
          nicolae_overflow_hallway_of_the_gods, gammafunk_ghost_smash,
          serial_park_tiny_2, hellmonk_no_cap
D:4:      layout_gridville, uniq_robin
D:5:      layout_cave_pools, grunt_dithmenos_smoke, serial_gnoll_camp,
          gnoll_camp_huts_moat, gnoll_camp_medium_01, gnoll_camp_mini_shop,
          gnoll_camp_mini_loothouse, minmay_between

Skill      XL: |  1  2  3  4  5  6  7 |
---------------+----------------------+-----
Unarmed Combat | 1 2 |  2.6
Fighting       | 1 2 |  2.2
Short Blades   | 2 3 5 6 |  6.8
Throwing       | 2 |  2.6
Evocations     | 1 3 |  3.9
Dodging        | |  2.1
Stealth        | |  3.0
Spellcasting   | |  3.0
Conjurations   | |  0.6
Summonings     | |  1.0
Translocations | |  0.7

Action                     |  1- 3 |  4- 6 |  7- 9 || total
---------------------------+-------+-------+-------++-------
  Melee: Dagger            |   137 |       |       ||   137
         Bite              |    18 |    30 |    16 ||    64
         Punch             |     2 |    11 |     1 ||    14
         Short sword       |    36 |   249 |    74 ||   359
         Rapier            |       |       |    55 ||    55
  Throw: Dart              |       |    28 |    26 ||    54
    Use: Potion            |       |       |     4 ||     4
   Stab: Sleeping          |     6 |     7 |     2 ||    15
         Paralysed         |       |     1 |     1 ||     2
 Armour: Robe              |    32 |    32 |    24 ||    88
  Dodge: Dodged            |   108 |   165 |   130 ||   403
